 Dungeon Crawl Stone Soup version 0.25-a0-591-g2ad0d861f1 (webtiles) character file.

Game seed: 713814299703710195, levelgen mode: deterministic

34 ipx the Cudgeler (level 3, 0/21 HPs)
             Began as a Gargoyle Gladiator on Mar 14, 2020.
             Slain by Sigmund
             ... wielding a +0 scythe
              (7 damage)
             ... on level 2 of the Dungeon.
             The game lasted 00:07:12 (482 turns).

ipx the Cudgeler (Gargoyle Gladiator)                Turns: 482, Time: 00:07:13

Health: 0/21       AC:  7    Str: 18    XL:     3   Next: 31%
Magic:  3/3        EV: 12    Int:  8    God:
Gold:   62         SH:  0    Dex: 11    Spells: 2/2 levels left

rFire    . . .     SeeInvis .   a - +3 mace (protect)
rCold    . . .     Gourm    .   (no shield)
rNeg     + . .     Faith    .   m - +0 leather armour
rPois    ∞         Spirit   .   c - +0 helmet
rElec    +         Reflect  .   (no cloak)
rCorr    .         Harm     .   (no gloves)
MR       .....                  (no boots)
Stlth    +.........             (no amulet)
HPRegen  0.07/turn              (no ring)
MPRegen  0.08/turn              (no ring)

@: mighty, flying
A: negative energy resistance 1, electricity resistance, unbreathing,
petrification resistance, rot immunity, AC +3
a: no special abilities


You were on level 2 of the Dungeon.
You were not hungry.

You visited 1 branch of the dungeon, and saw 2 of its levels.

You collected 62 gold pieces.

Inventory:

Hand Weapons
 a - a +3 mace of protection (weapon)
 b - a +0 flail
Missiles
 d - 2 throwing nets (quivered)
 l - 6 boomerangs
Armour
 c - a +0 helmet (worn)
 m - a +0 leather armour (worn)
Scrolls
 e - a scroll of amnesia
 n - a scroll of identify
Potions
 g - a potion of haste {unknown}
 h - a potion of curing {unknown}
 i - a potion of resistance {unknown}
 k - a potion of might
Comestibles
 f - 3 rations


   Skills:
 - Level 2.1 Fighting
 + Level 4.3 Maces & Flails
 - Level 1.7 Throwing
 - Level 2.4 Dodging


You had 2 spell levels left.
You didn't know any spells.
Your spell library was empty.

Dungeon Overview and Level Annotations

Branches:
Dungeon (2/15)

Altars:
Vehumet
Zin

Annotations:
D:2 Sigmund


Innate Abilities, Weirdness & Mutations

You are resistant to torment.
Your stone body is resilient. (AC +3)
You are immune to poison.
You resist negative energy. (rN+)
You are resistant to electric shocks. (rElec)
You can survive without breathing.
You are immune to petrification.
You are immune to rotting.


Message History

Your weapon exudes an aura of protection.
The jackal is lightly wounded.
The jackal bites you but does no damage.
Something hits you.
The jackal bites you but does no damage.
You closely miss the jackal.
The jackal is lightly wounded.
The jackal bites you but does no damage.
Something hits you but does no damage.
You closely miss the jackal.
The jackal is lightly wounded.
The jackal barely misses you. The jackal misses you.
You completely miss the jackal.
The jackal is lightly wounded.
The jackal bites you but does no damage.
Something hits you. The jackal misses you.
It was a potion of flight.
You feel very buoyant.
You fly up into the air.
The jackal misses you. Something hits you!
You die...

# # # # ### # ###8###
######### #._._.#
#.......#
#..[#######........ ♣@♣
#............#
#h###............#
#{.##..(.........# #..#
######'#)...#
###.##.########.######
...........h...........
...#.##..#####.#.######
# ##.# #.#.#
##..####.#.#


You could see a jackal.

Vanquished Creatures
  An ooze (D:1)
  2 worms (D:2)
  A leopard gecko (D:2)
  3 bats (D:1)
  A giant cockroach (D:1)
  4 goblins
  5 hobgoblins
  A jackal (D:2)
  A frilled lizard (D:2)
  A rat (D:1)
20 creatures vanquished.

Notes
Turn   | Place    | Note
-------+----------+-------------------------------------------
     0 | D:1      | ipx the Gargoyle Gladiator began the quest for the Orb.
     0 | D:1      | Reached XP level 1. HP: 12/12 MP: 1/1
   149 | D:1      | Reached XP level 2. HP: 7/17 MP: 2/2
   321 | D:2      | Reached skill level 4 in Maces & Flails
   329 | D:2      | Reached XP level 3. HP: 13/21 MP: 3/3
   454 | D:2      | Noticed Sigmund
   474 | D:2      | Found a radiant altar of Vehumet.
   474 | D:2      | Found a glowing silver altar of Zin.
   482 | D:2      | Slain by Sigmund

Levels and vault maps discovered:
D:1:      roderic_octagonal_star, layout_rooms, palyth_stone_intersect
D:2:      minmay_door_path, layout_basic, gammafunk_temple_overflow_statue,
          nicolae_overflow_hidden_temple, st_stairs_10, uniq_sigmund, uniq_robin

Skill      XL: |  1  2 |
---------------+-------+-----
Maces & Flails | 4 |  4.3
Fighting       | |  2.1
Throwing       | |  1.7
Dodging        | |  2.4

Action                   || total
-------------------------++-------
Melee: Flail             ||    97
       Mace              ||    12
Throw: Throwing net      ||     2
  Use: Potion            ||     2
       Scroll            ||     1
 Stab: Held in net/web   ||     2
Armor: Leather armour    ||    38
Dodge: Dodged            ||    84

Table legend:
 A = Non-vault XP
 B = Vault XP
 C = Vault XP percentage of total XP
 D = Non-vault monster count
 E = Vault monster count
 F = Vault count percentage of total count
                 A         B        C        D         E       F
            +---------+---------+-------+---------+---------+-------
      Total |      40 |       9 |  18.4 |      17 |       3 |  15.0
            +---------+---------+-------+---------+---------+-------
        D:1 |      28 |       0 |   0.0 |      12 |       0 |   0.0
        D:2 |      12 |       9 |  42.9 |       5 |       3 |  37.5
            +---------+---------+-------+---------+---------+-------
